 Dungeon Crawl Stone Soup version 0.20.0-15-g7f486f2 (webtiles) character file.

676 esteth the Chiller (level 7, -2/46 HPs)
             Began as a Merfolk Ice Elementalist on June 25, 2017.
             Slain by a sky beast (3 damage)
             ... on level 6 of the Dungeon.
             The game lasted 00:16:16 (8381 turns).

esteth the Chiller (Merfolk Ice Elementalist)       Turns: 8381, Time: 00:16:17

Health: -2/46      AC:  4    Str:  8    XL:     7   Next: 59%
Magic:  7/10       EV: 13    Int: 16    God:
Gold:   213        SH:  4    Dex: 15    Spells: 5/10 levels left

rFire    x . .     SeeInvis .   g - +1 spear
rCold    + . .     Gourm    .   (no shield)
rNeg     . . .     Faith    .   a - +0 robe
rPois    .         Spirit   .   l - +0 helmet
rElec    .         Reflect  .   (no cloak)
rCorr    .         Harm     .   i - +0 pair of gloves
MR       .....                  (no boots)
Stlth    ++........             (no amulet)
Regen    0.2/turn               q - ring of ice
MPRegen  0.2/turn               (no ring)

@: no status effects
A: change form in water, swift swim, stealthy swim, large bone plates 1, subdued
magic 1
a: no special abilities


You were on level 6 of the Dungeon.
You were not hungry.

You visited 1 branch of the dungeon, and saw 6 of its levels.

You collected 213 gold pieces.

Inventory:

Hand Weapons
 g - a +1 spear (weapon)
Armour
 a - a +0 robe (worn)
 i - a +0 pair of gloves (worn)
 l - a +0 helmet (worn)
 t - a +0 leather armour
Jewellery
 q - a ring of ice (left hand)
Wands
 f - a wand of random effects (19/48)
 s - a wand of disintegration (20/24)
 x - a wand of acid (8/15)
Scrolls
 e - 3 scrolls of teleportation
 m - 2 scrolls of fog {unknown}
 n - a scroll of fear
 o - 2 scrolls of identify
 p - a scroll of recharging
 r - a scroll of brand weapon {unknown}
 u - 2 scrolls of remove curse
Potions
 d - a potion of curing {unknown}
 v - a potion of might
Books
 b - a book of Frost

   Spells                             Type                      Level
   a - Freeze                         Ice                          1
   b - Throw Frost                    Conjuration/Ice              2
   c - Ozocubu's Armour               Charms/Ice                   3
   d - Throw Icicle                   Conjuration/Ice              4
   e - Summon Ice Beast               Ice/Summoning                4
 j - a book of Conjurations

   Spells                             Type                      Level
   a - Magic Dart                     Conjuration                  1
   b - Searing Ray                    Conjuration                  2
   c - Dazzling Spray                 Conjuration/Hexes            3
   d - Fulminant Prism                Conjuration/Hexes            4
   e - Force Lance                    Conjuration/Translocation    4
   f - Iskenderun's Mystic Blast      Conjuration                  4
Comestibles
 c - 2 bread rations
 h - a meat ration
 k - 5 fruits


   Skills:
 - Level 5.3 Polearms
 - Level 2.6 Dodging
 - Level 2.1 Stealth
 - Level 2.0 Spellcasting
   Level 0.7 Conjurations
 - Level 4.7 Summonings
 + Level 6.4 Ice Magic


You had 5 spell levels left.
You knew the following spells:

 Your Spells              Type           Power        Failure   Level  Hunger
a - Freeze                Ice            ####         1%          1    #......
b - Summon Ice Beast      Ice/Summ       ###.....     17%         4    #####..


Dungeon Overview and Level Annotations

Branches:
Dungeon (6/15)
 Temple: D:4-7

Altars:
Cheibriados
Gozag
Hepliaklqana
Trog


Innate Abilities, Weirdness & Mutations

You revert to your normal form in water.
You are very nimble and swift while swimming.
You are very stealthy in the water. (Stealth+)
You are partially covered in large bone plates. (SH +4)
Your spells are a little easier to cast, but a little less powerful.


Message History

The sky beast barely misses you.
You closely miss the sky beast.
The sky beast is lightly wounded.
The sky beast hits you.
* * * LOW HITPOINT WARNING * * *
The sky beast shocks you.
* * * LOW HITPOINT WARNING * * *
You miss the sky beast.
The sky beast is lightly wounded.
Your ice beast misses the sky beast.
The sky beast flickers out of sight!
Deactivating autopickup; reactivate with Ctrl-A.
Something barely misses you.
You hit something.
Your ice beast misses something.
You hit something. Something hits you.
* * * LOW HITPOINT WARNING * * *
Something shocks you.
* * * LOW HITPOINT WARNING * * *
Your ice beast barely misses something.
You miss something. Something hits you.
You die...

#.. #.# #.# #.# #.# #.#
##(## #≈..############
#...#.Y.@........#
#.#...####..####.# #
#.........## #.##.
#.#..#####...###.##.#
#.#..####..#..#...#.#
#.#..##...###...#...#
#.#..##.#..#..#.....##
#.#..##.##...###.#...####
##.#..##.###.###..)......#


You could see a friendly ice beast.

Vanquished Creatures
  An ogre (D:4)
  A bullfrog zombie (D:5)
  A hound (D:3)
  An orc priest (D:4)
  2 orc wizards
  A centaur skeleton (D:5)
  Ijyb (D:4)
  4 worker ants
  2 gnolls (D:6)
  8 adders
  A shadow imp (D:5)
  3 oozes
  6 worms
  A dart slug (D:1)
  4 leopard geckos
  11 orcs
  A ball python (D:1)
  2 giant cockroaches
  7 goblins
  9 hobgoblins
  5 jackals
  6 kobolds
  2 quokkas
  8 bats
  6 frilled lizards
  A leopard gecko skeleton (D:6)
  6 rats
101 creatures vanquished.

Vanquished Creatures (collateral kills)
  A sky beast (D:6)
  An orc wizard (D:5)
  2 gnolls (D:6)
4 creatures vanquished.

Grand Total: 105 creatures vanquished

Notes
Turn   | Place    | Note
-------+----------+-------------------------------------------
     0 | D:1      | esteth the Merfolk Ice Elementalist began the quest for the Orb.
     0 | D:1      | Reached XP level 1. HP: 13/13 MP: 3/3
   424 | D:1      | Reached XP level 2. HP: 19/19 MP: 5/5
   444 | D:1      | Reached skill level 4 in Ice Magic
  1050 | D:1      | Reached XP level 3. HP: 24/24 MP: 6/6
  1493 | D:2      | Reached skill level 5 in Ice Magic
  2029 | D:2      | Reached XP level 4. HP: 20/30 MP: 7/7
  2158 | D:2      | Reached skill level 1 in Polearms
  2840 | D:2      | Found a bloodstained altar of Trog.
  3046 | D:2      | Found an opulent altar of Gozag.
  3605 | D:2      | Reached XP level 5. HP: 35/35 MP: 8/8
  4349 | D:3      | Reached skill level 5 in Polearms
  4467 | D:3      | Learned a level 4 spell: Summon Ice Beast
  4942 | D:4      | Reached skill level 1 in Summonings
  4942 | D:4      | Reached XP level 6. HP: 26/41 MP: 5/9
  5620 | D:4      | Noticed Ijyb
  5635 | D:4      | Killed Ijyb
  6489 | D:5      | Entered Level 5 of the Dungeon
  6516 | D:5      | Reached XP level 7. HP: 43/46 MP: 10/10
  6824 | D:5      | Found a snail-covered altar of Cheibriados.
  6825 | D:5      | Found a hazy altar of Hepliaklqana.
  7415 | D:5      | Gained mutation: Your spells are a little easier to cast, but a little less powerful. [potion of mutation]
  7415 | D:5      | Gained mutation: You are partially covered in large bone plates. (SH +4) [potion of mutation]
  8214 | D:6      | Reached skill level 6 in Ice Magic
  8380 | D:6      | HP: 1/46 [something (6)]
  8381 | D:6      | Slain by a sky beast

Skill      XL: |  1  2  3  4  5  6  7 |
---------------+----------------------+-----
Ice Magic      | 4 5 6 |  6.4
Polearms       | 3 5 |  5.3
Summonings     | 1 4 |  4.7
Dodging        | |  2.6
Stealth        | |  2.1
Spellcasting   | |  2.0
Conjurations   | |  0.7

Action                   |  1- 3 |  4- 6 |  7- 9 || total
-------------------------+-------+-------+-------++-------
Melee: Spear             |    90 |   321 |   120 ||   531
       Unarmed           |     7 |       |       ||     7
       Dagger            |     1 |       |       ||     1
 Cast: Freeze            |    10 |    51 |    12 ||    73
       Summon Ice Beast  |       |       |     4 ||     4
  Use: Scroll            |     2 |     6 |       ||     8
       Potion            |       |       |     6 ||     6
 Stab: Sleeping          |     9 |     7 |     2 ||    18
  Eat: Chunk             |     4 |    13 |     5 ||    22
       Bread ration      |       |     1 |       ||     1
Armor: Robe              |    10 |    52 |    21 ||    83
Dodge: Dodged            |    58 |   176 |    54 ||   288
Block: Other             |       |       |     5 ||     5
